Map: Bridgehead LE (Void)

Players

Verax - Winner!

  • Race: Zerg Zerg
  • League: Silver

Toons

  • Race: Terran Terran
  • League: Silver

VOD

Have the link to the VOD?

Description

Time

  • Played on: Aug. 5, 2015, 12:27 a.m.
  • Length: 12:47
Show
View Real Time Build Order
Export as new Build Order

Verax Zerg - Winner!

Build Orders: Hatch First, Muta Ling Bane 

Get SALT Encoding   

  12  0:03  Drone  
  13  0:11  Drone  
  14  0:15  Extractor  
  14  0:17  Drone  
  15  0:40  Hatchery  
  14  0:47  Extractor  
  14  0:48  Drone  
  15  1:02  Spawning Pool  
  14  1:06  Extractor  
  14  1:08  Extractor  
  14  1:09  Drone  
  14  1:10  Drone  
  14  1:17  Overlord  
  15  1:37  Drone  
  15  1:38  Drone  
  17  1:49  Drone  
  17  1:50  Queen  
  17  1:52  Queen  
  22  1:56  Overlord  
  22  1:59  Drone  
  23  2:07  Drone  
  24  2:26  Queen  
  24  2:28  Queen  
  28  2:44  Zergling x10  
  31  2:46  Metabolic Boost  
  33  2:52  Overlord  
  32  3:43  Lair  
  32  4:02  Overlord x2, Drone  
  33  4:04  Drone x3, Overlord  
  33  4:05  Drone x5  
  33  4:06  Drone x3  
  44  4:26  Spine Crawler  
  44  4:29  Spine Crawler  
  42  4:32  Drone x4  
  42  4:33  Drone  
  42  4:34  Baneling Nest  
  46  4:40  Drone x2  
  48  5:04  Zergling x6  
  48  5:07  Zergling x2  
  52  5:16  Spine Crawler, Zergling x4  
  52  5:17  Baneling  
  52  5:18  Baneling x3  
  52  5:20  Zergling x6  
  56  5:26  Drone  
  57  5:37  Drone x3  
  57  5:38  Drone x2  
  62  5:42  Extractor  
  62  5:45  Extractor  
  60  6:06  Drone x3, Overlord  
  60  6:08  Overlord  
  63  6:13  Spire  
  63  6:17  Drone x3  
  65  6:28  Drone x4  
  65  6:29  Drone  
  69  6:39  Drone x2  
  72  6:40  Drone  
  72  6:56  Extractor  
  72  6:59  Hatchery  
  70  7:22  Drone  
  71  7:26  Spore Crawler  
  71  7:27  Spore Crawler  
  68  7:35  Queen  
  57  7:46  Drone x5  
  62  8:09  Spine Crawler  
  61  8:13  Mutalisk  
  61  8:14  Mutalisk x8  
  61  8:17  Centrifical Hooks  
  79  8:25  Evolution Chamber  
  79  8:26  Zerg Flyer Weapons Level 1  
  78  8:27  Evolution Chamber  
  76  8:42  Zergling x4  
  76  8:43  Drone x3  
  81  8:51  Spine Crawler  
  80  9:01  Overlord  
  80  9:02  Mutalisk x4  
  88  9:11  Overlord  
  85  9:19  Baneling x3  
  85  9:22  Drone x4  
  87  9:43  Corruptor x2  
  91  9:47  Drone x4  
  91  9:49  Zergling x6  
  98  10:10  Drone x3  
  98  10:11  Corruptor x2  
  105  10:34  Zergling x4  
  105  10:36  Overlord  
  103  10:49  Zergling x4  
  105  10:55  Baneling  
  105  10:56  Baneling x6  
  105  11:01  Overlord x3  
  105  11:07  Burrow  
  105  11:13  Overlord  
  105  11:20  Spine Crawler  
  105  11:21  Zergling x4  
  105  11:22  Mutalisk x4  
  105  11:23  Spine Crawler  
  105  11:24  Baneling  
  105  11:25  Baneling x4  
  113  11:27  Baneling  
  113  11:58  Overseer  
  113  12:02  Zergling x8  
  113  12:03  Zergling x4  
Show
View Real Time Build Order
Export as new Build Order

Toons Terran 

Build Orders: MMM Bio 

Get SALT Encoding   

  12  0:01  SCV  
  13  0:13  SCV  
  14  0:23  Supply Depot  
  14  0:25  SCV  
  15  0:30  Refinery  
  15  0:45  SCV  
  15  0:46  Barracks  
  16  0:57  SCV  
  16  1:03  Barracks  
  17  1:09  SCV  
  18  1:20  Supply Depot  
  18  1:21  SCV  
  19  1:35  Reaper  
  20  1:42  SCV  
  21  1:50  Reaper  
  22  2:07  Reaper  
  23  2:09  Command Center  
  23  2:28  Barracks Reactor  
  23  2:31  SCV  
  23  2:36  Refinery  
  24  2:50  SCV  
  25  2:57  Supply Depot  
  25  3:00  Engineering Bay  
  25  3:02  SCV  
  25  3:04  Barracks Tech Lab  
  26  3:05  Marine x2  
  28  3:14  SCV  
  29  3:24  SCV  
  29  3:26  SCV, Stimpack, Marine  
  31  3:44  Marine  
  31  3:47  Marine x2  
  32  3:56  Factory  
  32  3:57  SCV  
  32  3:58  SCV  
  32  4:00  Terran Infantry Weapons Level 1  
  34  4:08  Refinery  
  34  4:12  Marine x2  
  34  4:13  Marine  
  37  4:18  SCV  
  37  4:19  SCV  
  39  4:34  SCV x2  
  39  4:36  Marine x2  
  39  4:38  Marauder  
  45  4:41  Starport  
  45  4:44  Hellion  
  47  4:50  SCV x2  
  49  4:55  Supply Depot  
  49  5:02  SCV x2  
  49  5:06  Supply Depot  
  51  5:14  Factory Reactor  
  51  5:21  SCV  
  51  5:22  SCV  
  51  5:24  Medivac  
  55  5:32  Barracks  
  55  5:39  Factory, Marine x2  
  55  5:41  SCV, Marauder  
  60  5:47  Orbital Command  
  60  5:54  Orbital Command  
  60  5:59  Refinery  
  60  6:00  Combat Shields  
  60  6:04  Terran Infantry Armor Level 1  
  60  6:21  Barracks  
  60  6:28  Factory Tech Lab  
  60  6:30  Starport Reactor  
  60  6:31  Marine x2  
  60  6:41  SCV x2  
  60  6:42  Armory  
  62  6:50  Missile Turret  
  62  6:54  Missile Turret  
  62  6:55  Missile Turret  
  62  6:57  Missile Turret  
  62  7:01  Marine x3  
  63  7:07  Supply Depot  
  65  7:10  Supply Depot  
  65  7:11  Supply Depot  
  65  7:16  Barracks Reactor  
  65  7:18  Marine  
  65  7:19  Marine x2  
  68  7:39  SCV x2  
  70  7:52  SCV  
  71  8:06  Marine x5  
  71  8:09  Widow Mine x2  
  71  8:11  Siege Tank  
  83  8:19  Command Center, Concussive Shells  
  83  8:21  Terran Infantry Weapons Level 2  
  83  8:23  Marine  
  83  8:24  Terran Vehicle Weapons Level 1  
  83  8:25  Marauder  
  86  8:29  Supply Depot  
  86  8:39  Marine  
  86  8:40  Marine x2  
  89  8:41  Marine  
  89  8:43  Siege Tank  
  93  8:51  Marauder  
  95  8:59  Supply Depot  
  95  9:02  Supply Depot  
  95  9:06  Supply Depot  
  95  9:17  Marine x3  
  95  9:18  Marauder  
  91  9:39  Marauder  
  91  9:41  Missile Turret  
  91  9:43  Missile Turret x2  
  92  9:46  Missile Turret  
  92  9:49  Missile Turret  
  92  9:50  Missile Turret, Orbital Command  
  92  9:52  Missile Turret  
  92  9:54  Missile Turret  
  92  9:57  Marine x4  
  96  10:01  Marauder  
  96  10:14  Missile Turret  
  96  10:15  Missile Turret  
  96  10:18  Medivac x2  
  99  10:35  Missile Turret  
  99  10:47  Barracks  
  99  10:51  Barracks Reactor  
  99  10:53  Barracks x2  
  99  11:05  Marine x2  
  99  11:06  Marine  
  102  11:16  Thor  
  102  11:18  Widow Mine x2  
  112  11:41  Medivac  
  112  11:42  Medivac  
  112  11:43  Orbital Command  
  116  11:58  Thor  
  116  12:00  Marine x3  
  126  12:03  Barracks Reactor  
  126  12:05  Barracks Reactor  
Tags
 
Add a new tag
Caveats
  • Supply blocks, unpowered buildings, or Contaminate may cause inaccurate times.
  • Supply counts are checked every 10 seconds.